 Dungeon Crawl Stone Soup version 0.31-a0-986-g5e6e4ef867 (webtiles) character file.

Game seed: 15249674390961167286

9 sammy202020 the Trooper (level 2, 19/19 HPs)
             Began as a Gargoyle Fighter on Nov 6, 2023.
             Was a Follower of Kikubaaqudgha.
             Quit the game on level 1 of the Dungeon.
             The game lasted 00:01:01 (460 turns).

sammy202020 the Trooper (Gargoyle Fighter)           Turns: 460, Time: 00:01:02

Health: 19/19      AC:  9    Str: 19    XL:     2   Next: 16%
Magic:  2/2        EV:  9    Int:  8    God:    Kikubaaqudgha [*.....]
Gold:   22         SH:  4    Dex:  9    Spells: 1/1 levels left

rFire   . . .        a - +0 flail
rCold   . . .        c - +0 buckler
rNeg    + . .        b - +0 scale mail
rPois   ∞            (no helmet)
rElec   +            (no cloak)
rCorr   .            (no gloves)
SInv    .            (no boots)
Will    .....        (no amulet) Stlth
                     (no ring)
HPRegen 0.23/turn    (no ring)
MPRegen 0.08/turn

%: no passive effects
@: no status effects
A: sickness immunity, AC +2, negative energy resistance 1, electricity
resistance, torment resistance 1, petrification resistance
a: Renounce Religion, Unearth Wretches


You were on level 1 of the Dungeon.
You worshipped Kikubaaqudgha.
Kikubaaqudgha was aware of your devotion.
You visited 1 branch of the dungeon, and saw 1 of its levels.

You collected 22 gold pieces.

Inventory:

Hand Weapons
 a - a +0 flail (weapon)
Armour
 b - a +0 scale mail (worn)
 c - a +0 buckler (worn)
Scrolls
 e - 2 scrolls of revelation {unknown}
 f - a scroll of identify {unknown}
 g - a scroll of amnesia {unknown}
Potions
 d - a potion of might
 h - 2 potions of cancellation {unknown}


   Skills:
 * Level 3.4 Fighting
 * Level 2.2 Maces & Flails
 * Level 3.4 Armour
 + Level 0.1 Dodging
 * Level 3.4 Shields


You had one spell level left.
You didn't know any spells.
Your spell library contained the following spells:

 Spells                   Type           Power      Damage    Failure   Level
 Kiss of Death            Conj/Necr      0%         2d5       85%         1
 Necrotise                Necr           0%         1d4       85%         1
 Vampiric Draining        Necr           0%         2d6       99%         3
 Animate Dead             Necr           0%         N/A       100%        4


Dungeon Overview and Level Annotations

Branches:
Dungeon (1/15)

Altars:
Kikubaaqudgha


Innate Abilities, Weirdness & Mutations

You are immune to sickness and miasma.
Your stone body is resilient. (AC +2)
You are immune to poison.
You resist negative energy. (rN+)
You are resistant to electric shocks. (rElec)
You are resistant to unholy torment.
You are immune to petrification.


Message History

You kill the frilled lizard!
HP restored.
You enter the shallow water.
Moving in this stuff is going to be slow.
You now have 19 gold pieces (gained 1).
There is a faded altar of an unknown god here.
You enter the shallow water.
Moving in this stuff is going to be slow.
You now have 20 gold pieces (gained 1).
You now have 21 gold pieces (gained 1).
You enter the shallow water.
Moving in this stuff is going to be slow.
You now have 22 gold pieces (gained 1).
You open the door.
There is an open door here.
Found 5 curare-tipped darts.
You see here 5 curare-tipped darts.
A rat comes into view.
The rat twitches its whiskers.
You see here 5 curare-tipped darts.
You sock the rat!
You kill the rat!
There is an open door here.
You see here a frilled lizard corpse.
You enter the shallow water.
Moving in this stuff is going to be slow.
There is a faded altar of an unknown god here.
This altar belongs to (a) Okawaru, (b) Lugonu or (c) Kikubaaqudgha, but you can't tell which.
Press the corresponding letter to learn more about a god, or press enter to convert or escape to cancel.
Kikubaaqudgha accepts your prayer! Kikubaaqudgha welcomes you!
You can now bring forth the wretched and dying.
Kikubaaqudgha grants you a gift!
You add the spells Kiss of Death, Necrotise, Vampiric Draining and Animate Dead to your library.
Okay, then.
Okay, then.
Okay, then.
Okay, then.
Okay, then.
Okay, then.
Are you sure you want to abandon this character and quit the game? (Confirm with "yes".)

#.#........#
#..........# ##
########'###
#######.
#####.#######
#.....#.
#.....#.....#
#.......
#.....#.....####
#......#
#####.....#........#
#..>...#
...##.....#....~~~.#
#.....##
...'...........~@~.#
#.....#
...##......†...~~~.#
#.....#
...####............#
###'### ...#
#........##.## #.#
^..# #...........#
#.# ...#
############# #.###
#'## #...## #.#
####...# #.#
#≈≈≈~~~≈


There were no monsters in sight!

Vanquished Creatures
  A dart slug (D:1)
  2 endoplasms (D:1)
  A ball python (D:1)
  A bat (D:1)
  A frilled lizard (D:1)
  3 rats (D:1)
9 creatures vanquished.

Notes
Turn   | Place    | Note
-------+----------+-------------------------------------------
     0 | D:1      | sammy202020 the Gargoyle Fighter began the quest for the
                  | Orb.
     0 | D:1      | Reached XP level 1. HP: 14/14 MP: 1/1
   292 | D:1      | Reached XP level 2. HP: 19/19 MP: 2/2
   349 | D:1      | Found a faded altar of an unknown god.
   459 | D:1      | Prayed at the altar of an unknown god.
   459 | D:1      | Became a worshipper of Kikubaaqudgha
   459 | D:1      | Reached * piety under Kikubaaqudgha
   459 | D:1      | Received a gift from Kikubaaqudgha
   460 | D:1      | Quit the game

Illustrated notes

Levels and vault maps discovered:
D:1:      lemuel_arrival_river_ford, layout_basic,
          hellmonk_ecumenical_altar_pennies_from_heaven,
          chequers_serial_rivers_micro_a, bh_walls_and_bars

Action                     || total
---------------------------++-------
  Melee: Flail             ||    29
 Armour: Scale mail        ||    14
  Dodge: Dodged            ||    15
  Block: Buckler           ||     4

Table legend: (Time is in decaauts)
 A = Elapsed time spent in this place.
 B = Non-inter-level travel time spent in this place.
 C = Inter-level travel time spent in this place.
 D = Time resting spent in this place.
 E = Time spent auto-exploring this place.
 F = Levels seen in this place.
 G = Mean time per level.
                   A        B        C        D        E       F      G
               +--------+--------+--------+--------+--------+-----+--------+
         Total |    478 |    478 |      0 |    133 |    225 |   1 |  478.0 |
       Dungeon |    478 |    478 |      0 |    133 |    225 |   1 |  478.0 |
               +--------+--------+--------+--------+--------+-----+--------+

Top non-repeatable levels by time:
     D:1: 478 daAuts
